 Dungeon Crawl Stone Soup version 0.22.1-2-g9c5b331383 (webtiles) character file.

1768 Knorr the Cleaver (level 8, -4/70 HPs)
             Began as a Minotaur Fighter on Jan 2, 2019.
             Killed from afar by an electric eel (9 damage)
             ... with a bolt of electricity
             ... on level 7 of the Dungeon.
             The game lasted 00:22:22 (5362 turns).

Knorr the Cleaver (Minotaur Fighter)                Turns: 5362, Time: 00:22:22

Health: -4/70      AC: 14    Str: 29    XL:     8   Next: 80%
Magic:  7/7        EV:  8    Int:  5    God:
Gold:   249        SH: 11    Dex:  9    Spells: 7/7 levels left

rFire    . . .     SeeInvis .   q - +3 war axe (elec)
rCold    . . .     Gourm    .   c - +0 shield
rNeg     + . .     Faith    .   h - +1 chain mail
rPois    .         Spirit   .   (helmet restricted)
rElec    .         Reflect  .   v - +0 cloak
rCorr    .         Harm     .   (no gloves)
MR       .....                  n - +0 pair of boots of the Mind {rN+} (curse)
Stlth    ..........             (no amulet)
HPRegen  0.21/turn              (no ring)
MPRegen  0.10/turn              (no ring)

@: mighty, about to teleport, very slow
A: retaliatory headbutt, horns 2
a: no special abilities


You were on level 7 of the Dungeon.
You were not hungry.

You visited 1 branch of the dungeon, and saw 7 of its levels.

You collected 249 gold pieces.

Inventory:

Hand Weapons
 a - a +0 war axe
 i - a +0 hand axe
 j - a +2 vampiric battleaxe
 p - a +3 war axe of venom
 q - a +3 war axe of electrocution (weapon)
Missiles
 g - 79 sling bullets
 k - 4 needles of frenzy
 l - 5 tomahawks (quivered)
 y - 23 poisoned needles
Armour
 b - a +0 scale mail
 c - a +0 shield (worn)
 h - a +1 chain mail (worn)
 n - the cursed +0 pair of boots of the Mind (worn) {rN+}
   (You found it on level 5 of the Dungeon)

   It protects you from negative energy.
   It has a curse placed upon it.
 v - a +0 cloak (worn)
Wands
 m - a wand of random effects (18)
 t - a wand of flame (8)
 x - a wand of polymorph (21)
Scrolls
 e - 6 scrolls of remove curse
 o - 2 scrolls of teleportation
 r - 2 scrolls of identify
 u - 2 scrolls of magic mapping
 A - a scroll of silence
Potions
 s - a potion of haste
 w - 2 potions of flight {unknown}
 z - a potion of degeneration {unknown}
Comestibles
 f - 5 rations


   Skills:
 + Level 5.7 Fighting
 + Level 9.0 Axes
 + Level 7.8 Armour
 + Level 2.2 Dodging
 + Level 6.7 Shields
 + Level 0.3 Evocations


You had 7 spell levels left.
You didn't know any spells.
Your spell library contained the following spells:

 Spells                   Type           Power        Failure   Level  Hunger
 Freeze                   Ice            #...         100%        1    ##.....
 Sandblast                Erth           #.....       100%        1    ##.....
 Passwall                 Tmut/Erth      #.......     100%        2    ###....
 Throw Frost              Conj/Ice       #.....       100%        2    ###....
 Ozocubu's Armour         Chrm/Ice       #.......     100%        3    ####...
 Stone Arrow              Conj/Erth      #.....       100%        3    ####...
 Petrify                  Tmut/Erth      #.......     100%        4    #####..
 Summon Ice Beast         Ice/Summ       #.......     100%        4    #####..
 Throw Icicle             Conj/Ice       #.......     100%        4    #####..
 Lee's Rapid Deconstruct  Erth           #.........   100%        5    ######.


Dungeon Overview and Level Annotations

Branches:
Dungeon (7/15)             Temple (0/1) D:5

Altars:
Elyvilon
Fedhas
Hepliaklqana
Qazlal
Vehumet
Xom


Innate Abilities, Weirdness & Mutations

You reflexively headbutt those who attack you in melee.
You have a pair of horns on your head.


Message History

Moving in this stuff is going to be slow.
The electric eel shoots out a bolt of lightning at you!
The bolt of electricity hits you! x2
The electric eel shoots out a bolt of lightning at you!
The bolt of electricity hits you! x2
You closely miss the electric eel.
The electric eel shoots out a bolt of lightning at you!
The bolt of electricity hits you! x2
* * * LOW HITPOINT WARNING * * *
The electric eel shoots out a bolt of lightning at you!
The bolt of electricity hits you!
* * * LOW HITPOINT WARNING * * *
The bolt of electricity hits you!
* * * LOW HITPOINT WARNING * * *
You feel very mighty all of a sudden.
As you read the scroll of teleportation, it crumbles to dust.
You feel strangely unstable.
The electric eel shoots out a bolt of lightning at you!
The bolt of electricity hits you!
You die...

####### ######
##P.P.≈### ###≈≈≈≈≈
##....≈≈≈≈## ##≈≈≈≈≈≈≈
##.P..≈@≈≈#.####.#≈≈≈≈≈≈
#PP..;######....######≈≈
#[...≈≈≈≈# #....# ##≈≈≈≈
#....≈≈≈≈# #....# #≈≈≈≈≈
#.PP≈≈#### #....###≈≈≈≈≈
#P.≈≈≈≈ ##''###≈≈≈≈≈≈
#...≈≈≈ #..##≈≈≈≈≈≈≈
##.P.≈≈ #####'####≈≈≈≈≈
#..P≈≈≈##≈≈.....###≈≈≈≈


You could see an electric eel.

Vanquished Creatures
  Grinder (D:6)
  Sigmund (D:5)
  Duvessa (D:4)
  An ice beast (D:5)
  An ogre (D:6)
  A phantom (D:6)
  A centaur (D:5)
  Blork the orc (D:4)
  A bullfrog (D:7)
  Dowan (D:4)
  2 scorpions (D:4)
  5 killer bees (D:7)
  A howler monkey (D:5)
  2 electric eels (D:7)
  3 hounds
  A centaur zombie (D:7)
  An orc wizard (D:4)
  3 worker ants
  A hound zombie (D:6)
  A hound skeleton (D:4)
  A gnoll (D:1)
  6 adders
  A shadow imp (D:6)
  An adder zombie (D:6)
  A worm (D:3)
  A dart slug (D:1)
  4 leopard geckos
  11 orcs
  6 bats
  4 giant cockroaches
  7 goblins
  3 hobgoblins
  10 kobolds
  4 quokkas
  A ball python (D:5)
  3 frilled lizards
  A quokka zombie (D:5)
  8 rats
  A plant (D:7)
104 creatures vanquished.

Vanquished Creatures (others)
  An orc (D:4)
1 creature vanquished.

Grand Total: 105 creatures vanquished

Notes
Turn   | Place    | Note
-------+----------+-------------------------------------------
     0 | D:1      | Knorr the Minotaur Fighter began the quest for the Orb.
     0 | D:1      | Reached XP level 1. HP: 19/19 MP: 0/0
   378 | D:1      | Reached XP level 2. HP: 17/27 MP: 1/1
  1144 | D:2      | Reached XP level 3. HP: 29/33 MP: 2/2
  1496 | D:2      | Reached skill level 3 in Axes
  1756 | D:3      | Found a blossoming altar of Fedhas.
  1837 | D:3      | Found a stormy altar of Qazlal.
  1952 | D:3      | Reached XP level 4. HP: 35/40 MP: 3/3
  2338 | D:4      | Found a white marble altar of Elyvilon.
  2393 | D:4      | Reached skill level 4 in Axes
  2480 | D:4      | Found a shimmering altar of Xom.
  2502 | D:4      | Reached XP level 5. HP: 35/46 MP: 4/4
  2507 | D:4      | Reached skill level 1 in Dodging
  2511 | D:4      | Found a shimmering altar of Xom.
  2639 | D:4      | Noticed Blork the orc
  2640 | D:4      | Reached skill level 5 in Armour
  2646 | D:4      | Killed Blork the orc
  2646 | D:4      | Reached skill level 5 in Axes
  2646 | D:4      | Reached XP level 6. HP: 46/53 MP: 5/5
  2752 | D:4      | Found a shimmering altar of Xom.
  2783 | D:4      | Reached skill level 5 in Shields
  2785 | D:4      | Found a hazy altar of Hepliaklqana.
  2788 | D:4      | Noticed Dowan
  2796 | D:4      | Noticed Duvessa
  2806 | D:4      | Killed Dowan
  2807 | D:4      | Killed Duvessa
  2808 | D:4      | HP: 2/53 [poisoned by Dowan]
  3328 | D:5      | Entered Level 5 of the Dungeon
  3414 | D:5      | Reached XP level 7. HP: 60/60 MP: 6/6
  3432 | D:5      | Reached skill level 6 in Axes
  3671 | D:5      | Found a staircase to the Ecumenical Temple.
  3684 | D:5      | Got a pair of scorched boots
  3690 | D:5      | Identified the cursed +0 pair of boots of the Mind {rN+}
                  | (You found it on level 5 of the Dungeon)
  3704 | D:5      | Noticed Sigmund
  3715 | D:5      | Killed Sigmund
  3715 | D:5      | Reached skill level 5 in Fighting
  4005 | D:6      | Reached skill level 7 in Axes
  4005 | D:6      | Reached XP level 8. HP: 59/68 MP: 7/7
  4007 | D:6      | Found a radiant altar of Vehumet.
  4324 | D:6      | Noticed Grinder
  4337 | D:6      | Killed Grinder
  4488 | D:6      | Reached skill level 8 in Axes
  5125 | D:7      | Reached skill level 9 in Axes
  5362 | D:7      | Killed from afar by an electric eel

Skill      XL: |  1  2  3  4  5  6  7  8 |
---------------+-------------------------+-----
Armour         | 4 5 6 7 |  7.8
Shields        | 4 5 6 |  6.7
Fighting       | 4 5 |  5.7
Axes           | 3 4 5 7 9 |  9.0
Dodging        | 1 2 |  2.2
Evocations     | |  0.3

Action                   |  1- 3 |  4- 6 |  7- 9 || total
-------------------------+-------+-------+-------++-------
Melee: War axe           |   117 |    87 |   102 ||   306
       Headbutt          |     7 |    13 |    20 ||    40
Evoke: Wand              |       |       |     6 ||     6
  Use: Scroll            |     5 |     3 |     6 ||    14
       Potion            |     1 |     3 |     3 ||     7
  Eat: Chunk             |     2 |       |     2 ||     4
       Ration            |     1 |     1 |     1 ||     3
Armor: Scale mail        |    28 |       |       ||    28
       Chain mail        |    63 |    58 |    51 ||   172
Dodge: Dodged            |    27 |    24 |    39 ||    90
Block: Shield            |    83 |    53 |    61 ||   197
